Map: Kairos Junction LE

Players

NtStreamline - Winner!

  • Race: Terran Terran
  • Spawn Location: 5:00

HaPe

  • Race: Protoss Protoss
  • Spawn Location: 11:00

Event: 2019 WCS Spring

VOD

Have the link to the VOD?

Description

Time

  • Played on: May 17, 2019, 7:03 a.m.
  • Length: 8:57

All games in this series

Show
View Real Time Build Order
Export as new Build Order

NtStreamline Terran - Winner!

Build Orders: Liberator Opening 

Get SALT Encoding   

  12  0:01  SCV  
  13  0:13  SCV  
  14  0:17  Supply Depot  
  14  0:25  SCV  
  15  0:30  Refinery  
  15  0:39  SCV  
  16  0:46  Barracks  
  16  0:51  SCV  
  17  0:57  Refinery  
  17  1:03  SCV  
  18  1:15  SCV  
  19  1:32  Orbital Command  
  19  1:33  Marine  
  20  1:44  Factory  
  20  1:55  Supply Depot, Marine  
  20  2:00  SCV  
  22  2:12  SCV  
  22  2:13  Barracks Reactor  
  23  2:24  SCV  
  23  2:29  Widow Mine  
  26  2:30  Starport  
  26  2:36  SCV  
  27  2:48  SCV  
  27  2:50  Widow Mine, Marine, Supply Depot  
  31  3:11  Medivac, Marine x2  
  31  3:12  Supply Depot  
  35  3:13  Factory Tech Lab  
  35  3:24  Supply Depot  
  35  3:28  Liberator  
  35  3:29  Marine x2  
  35  3:33  Siege Tank  
  40  3:47  Marine x2  
  45  3:50  Supply Depot  
  45  4:04  Marine x2  
  45  4:05  Siege Tank  
  50  4:11  Liberator  
  50  4:12  Supply Depot  
  50  4:22  Marine x2  
  55  4:38  Siege Tank  
  58  4:40  Marine x2  
  60  4:53  Supply Depot  
  60  4:55  Command Center  
  60  5:06  Marine x2  
  62  5:10  Liberator, Siege Tank  
  63  5:26  Marine x2  
  68  5:30  SCV  
  69  5:44  Marine  
  69  5:48  Marine  
  69  5:49  Siege Tank  
  73  6:02  Marine  
  69  6:14  Marine  
  68  6:19  Marine  
  68  6:23  Siege Tank  
  68  6:31  Marine  
  63  6:40  Marine  
  60  6:49  Marine  
  61  6:55  Siege Tank  
  61  6:58  Marine  
  64  7:05  Liberator  
  64  7:11  Marine  
  68  7:25  Barracks  
  68  7:26  Barracks  
  68  7:27  Siege Tank  
  62  7:45  Marine x2  
  58  7:59  Siege Tank  
  58  8:03  Marine x2  
  57  8:12  Orbital Command  
  57  8:14  Supply Depot  
  56  8:21  Marine x2  
  55  8:32  SCV  
  59  8:38  Marine  
  59  8:39  Marine  
  61  8:44  SCV  
Show
View Real Time Build Order
Export as new Build Order

HaPe Protoss 

Build Orders: 1 Gate Expand 

Get SALT Encoding   

  12  0:00  Probe  
  13  0:12  Probe  
  14  0:19  Pylon  
  14  0:24  Probe  
  15  0:36  Probe  
  15  0:38  Gateway  
  16  0:44  Probe  
  16  0:47  Assimilator  
  17  0:54  Probe  
  18  1:06  Probe  
  19  1:18  Probe  
  19  1:25  Cybernetics Core  
  20  1:35  Nexus  
  20  1:41  Pylon  
  20  1:50  Probe  
  20  1:51  Assimilator, Adept  
  20  1:54  Warp Gate  
  21  2:06  Probe  
  24  2:18  Probe  
  25  2:23  Stalker  
  27  2:34  Probe  
  28  2:40  Robotics Facility  
  27  2:47  Probe x2  
  29  2:59  Probe  
  29  3:05  Probe  
  31  3:07  Probe  
  31  3:08  Gateway  
  31  3:10  Gateway  
  32  3:15  Probe  
  32  3:17  Probe  
  34  3:25  Probe  
  34  3:26  Immortal  
  34  3:31  Probe  
  34  3:37  Probe  
  39  3:41  Shield Battery  
  39  3:43  Probe  
  39  3:44  Sentry  
  42  3:57  Pylon  
  42  3:59  Probe  
  42  4:00  Probe  
  44  4:05  Stalker  
  46  4:12  Pylon  
  46  4:14  Warp Prism  
  46  4:15  Probe  
  48  4:32  Probe  
  48  4:33  Probe  
  48  4:34  Stalker x2  
  54  4:45  Robotics Bay  
  54  4:49  Probe  
  54  4:56  Sentry  
  54  4:58  Shield Battery  
  56  5:00  Adept x2  
  60  5:08  Shield Battery  
  60  5:09  Shield Battery  
  60  5:10  Pylon  
  60  5:23  Immortal  
  60  5:31  Zealot x3  
  70  5:35  Pylon  
  70  5:37  Pylon  
  64  6:02  Stalker  
  64  6:03  Immortal  
  57  6:29  Zealot  
  57  6:31  Gateway  
  55  6:33  Gateway  
  49  6:52  Stalker  
  54  6:57  Disruptor  
  39  7:18  Gateway  
  39  7:22  Stalker  
  41  7:30  Zealot x2  
  41  7:48  Zealot  
  36  7:53  Zealot x2  
  31  8:29  Stalker x4  
  35  8:53  Zealot x3  
Tags
 
Add a new tag
Caveats
  • Supply blocks, unpowered buildings, or Contaminate may cause inaccurate times.
  • Supply counts are checked every 10 seconds.